Map: [ESL] Moondance

Players

ArT

  • Race: Protoss Protoss
  • Spawn Location: 12:00

Clem - Winner!

  • Race: Terran Terran
  • Spawn Location: 6:00

Event: DreamHack SC2 Masters 2022 Atlanta (Online)

VOD

Have the link to the VOD?

Description

Time

  • Played on: Sept. 29, 2022, 12:32 p.m.
  • Length: 8:45

All games in this series

Show
View Real Time Build Order
Export as new Build Order

ArT Protoss 

Build Orders: 1 Gate Expand, Blink Stalkers 

Get SALT Encoding   

  12  0:00  Probe  
  13  0:12  Probe  
  14  0:18  Pylon  
  14  0:24  Probe (Chrono Boost)  
  15  0:36  Probe (Chrono Boost)  
  15  0:37  Gateway  
  16  0:45  Probe (Chrono Boost)  
  16  0:46  Assimilator  
  17  0:51  Probe  
  18  1:03  Probe  
  19  1:15  Probe  
  20  1:24  Cybernetics Core  
  20  1:31  Nexus  
  20  1:34  Probe  
  21  1:41  Pylon  
  21  1:47  Probe  
  22  1:49  Assimilator  
  22  1:57  Adept (Chrono Boost)  
  22  1:59  Probe  
  22  2:01  Warp Gate  
  25  2:11  Probe  
  26  2:18  Stalker (Chrono Boost)  
  28  2:23  Probe  
  30  2:37  Probe (Chrono Boost)  
  30  2:40  Twilight Council  
  30  2:42  Stalker  
  30  2:43  Probe (Chrono Boost)  
  34  2:52  Probe x2 (Chrono Boost)  
  34  2:57  Probe (Chrono Boost)  
  35  2:59  Gateway, Probe  
  37  3:09  Probe  
  37  3:11  Probe  
  39  3:13  Blink (Chrono Boost)  
  39  3:19  Stalker  
  41  3:21  Probe  
  41  3:23  Probe  
  41  3:24  Pylon  
  36  3:41  Probe (Chrono Boost)  
  36  3:44  Probe (Chrono Boost)  
  35  3:55  Probe (Chrono Boost)  
  36  3:56  Probe (Chrono Boost), Stalker  
  36  3:58  Robotics Facility  
  36  4:00  Probe (Chrono Boost)  
  39  4:05  Probe (Chrono Boost), Stalker  
  42  4:11  Probe (Chrono Boost)  
  44  4:22  Probe (Chrono Boost)  
  44  4:23  Probe (Chrono Boost)  
  45  4:30  Probe  
  45  4:31  Stalker x2  
  50  4:36  Probe  
  50  4:42  Probe  
  50  4:46  Observer  
  50  4:48  Probe  
  51  4:54  Probe, Stalker, Pylon  
  54  5:12  Probe  
  54  5:13  Probe  
  56  5:15  Pylon  
  56  5:16  Observer  
  56  5:17  Nexus  
  56  5:19  Pylon  
  56  5:20  Assimilator  
  57  5:24  Probe (Chrono Boost), Assimilator  
  57  5:27  Probe (Chrono Boost)  
  54  5:35  Probe (Chrono Boost)  
  51  5:36  Probe (Chrono Boost)  
  51  5:39  Probe (Chrono Boost), Stalker  
  51  5:42  Probe  
  55  5:53  Robotics Bay  
  55  5:54  Probe (Chrono Boost)  
  55  5:56  Probe (Chrono Boost)  
  59  6:04  Probe (Chrono Boost)  
  59  6:06  Probe (Chrono Boost)  
  59  6:08  Charge, Forge  
  59  6:10  Probe  
  59  6:12  Observer  
  59  6:15  Probe  
  61  6:22  Gateway  
  61  6:24  Probe (Chrono Boost)  
  62  6:28  Probe (Chrono Boost)  
  62  6:29  Probe (Chrono Boost)  
  64  6:37  Gateway  
  64  6:38  Probe (Chrono Boost)  
  64  6:39  Probe x2 (Chrono Boost)  
  67  6:43  Colossus  
  67  6:46  Probe  
  74  6:49  Extended Thermal Lance  
  74  6:57  Probe  
  74  7:01  Observer  
  75  7:06  Stalker x2  
  79  7:10  Probe x2  
  79  7:12  Probe  
  79  7:13  Pylon  
  82  7:18  Shield Battery x2  
  82  7:22  Probe x2  
  84  7:24  Probe  
  85  7:34  Gateway x2, Probe  
  86  7:37  Colossus (Chrono Boost)  
  86  7:38  Probe  
  93  7:44  Gateway  
  93  7:45  Pylon  
  93  7:51  Shield Battery, Sentry x2  
  93  7:52  Sentry  
  93  7:54  Probe  
  93  7:58  Pylon  
  100  7:59  Pylon  
  100  8:04  Gateway  
  98  8:15  Pylon x2  
  98  8:17  Shield Battery  
  98  8:19  Zealot x2, Gateway  
  102  8:20  Zealot  
  102  8:24  Zealot  
Show
View Real Time Build Order
Export as new Build Order

Clem Terran - Winner!

Build Orders:  

Get SALT Encoding   

  12  0:00  SCV  
  13  0:12  SCV  
  14  0:16  Supply Depot  
  14  0:24  SCV  
  15  0:38  SCV  
  15  0:40  Barracks  
  16  0:43  Refinery  
  16  0:50  SCV  
  16  0:53  Refinery  
  17  1:02  SCV  
  18  1:14  SCV  
  19  1:27  Reaper, Orbital Command  
  19  1:28  Supply Depot  
  20  1:42  Factory  
  20  1:52  SCV  
  21  2:01  Reaper  
  21  2:04  SCV  
  23  2:21  Command Center  
  24  2:22  SCV  
  24  2:27  Hellion  
  26  2:34  Reaper, SCV  
  28  2:40  Supply Depot  
  28  2:47  SCV  
  28  2:49  Hellion  
  31  2:56  Starport  
  31  3:01  SCV  
  32  3:08  Barracks Reactor  
  32  3:10  Widow Mine  
  34  3:13  SCV  
  35  3:25  SCV  
  36  3:32  Medivac  
  36  3:33  Widow Mine  
  38  3:35  Orbital Command  
  38  3:38  SCV  
  36  3:44  Barracks  
  36  3:45  Marine x2  
  37  3:50  SCV  
  37  3:54  Bunker  
  37  3:55  Factory Tech Lab  
  37  4:02  SCV  
  38  4:03  SCV, Marine x2  
  38  4:04  Starport Tech Lab  
  41  4:13  Siege Tank  
  41  4:14  SCV  
  41  4:15  SCV  
  46  4:21  Marine x2  
  47  4:26  SCV  
  47  4:27  SCV  
  47  4:28  Banshee  
  47  4:32  Marine  
  47  4:38  SCV  
  47  4:39  Marine x2  
  49  4:45  SCV  
  49  4:50  SCV, Marine  
  47  4:56  Siege Tank  
  47  4:57  Marine  
  51  5:01  SCV  
  51  5:02  SCV  
  51  5:05  Marine  
  54  5:13  Supply Depot  
  54  5:16  Marine  
  54  5:17  SCV  
  54  5:19  SCV  
  57  5:25  Bunker  
  57  5:28  Marine  
  58  5:29  SCV  
  58  5:32  SCV  
  58  5:34  Marine  
  58  5:35  Marine  
  61  5:41  Siege Tank  
  61  5:43  SCV  
  61  5:46  Supply Depot  
  61  5:48  SCV  
  63  5:53  Stimpack  
  63  5:55  SCV  
  64  5:59  Marine x2  
  64  6:00  SCV, Marine  
  64  6:03  Refinery  
  66  6:07  SCV  
  67  6:12  SCV  
  67  6:14  Supply Depot  
  67  6:17  Marine  
  67  6:18  Barracks  
  69  6:19  SCV  
  69  6:20  Engineering Bay  
  69  6:23  Siege Tank  
  73  6:27  SCV  
  73  6:29  Marine  
  73  6:31  Refinery  
  75  6:33  Supply Depot  
  75  6:34  Marine  
  75  6:36  Starport Reactor  
  75  6:37  SCV  
  75  6:39  SCV  
  78  6:47  Terran Infantry Weapons Level 1, Marine  
  78  6:48  Marine  
  78  6:49  SCV  
  83  6:54  Marauder  
  83  6:55  SCV  
  83  6:59  Supply Depot  
  82  7:05  Marine  
  82  7:06  Marine  
  83  7:15  Medivac x2, Combat Shield  
  85  7:17  Marauder  
  85  7:19  Factory Reactor  
  89  7:25  Marauder, Marine x2  
  93  7:32  Command Center  
  93  7:37  Supply Depot  
  93  7:40  Concussive Shells  
  93  7:41  Marauder  
  93  7:43  Marine x2  
  97  7:46  Supply Depot, Marauder  
  97  7:48  Medivac  
  101  7:57  Supply Depot  
  101  7:58  Medivac  
  101  8:00  Marine  
  101  8:01  Marine  
  101  8:02  SCV x2  
  101  8:03  Marauder  
  105  8:06  Widow Mine  
  105  8:07  Widow Mine  
  105  8:08  Marauder  
  111  8:13  Barracks  
  111  8:15  SCV x2  
  111  8:16  Barracks  
  111  8:18  Marine  
  111  8:19  Supply Depot  
  114  8:23  Marine  
  118  8:27  SCV  
  118  8:30  SCV  
Tags
 
Add a new tag
Caveats
  • Supply blocks, unpowered buildings, or Contaminate may cause inaccurate times.
  • Supply counts are checked every 10 seconds.